 Dungeon Crawl Stone Soup version 0.29.1-15-g9cfb28693d (webtiles) character file.

Game seed: 531632993407312877

295 protoss039 the Digger (level 6, 41/47 HPs)
             Began as a Demonspawn Earth Elementalist on Mar 25, 2023.
             Was an Initiate of Vehumet.
             Got out of the dungeon alive.
             The game lasted 00:05:15 (4615 turns).

protoss039 the Digger (DsEE)                        Turns: 4615, Time: 00:05:16

Health: 41/47      AC:  7    Str:  8    XL:     6   Next: 11%
Magic:  11/11      EV: 11    Int: 18    God:    Vehumet [......]
Gold:   159        SH:  0    Dex: 14    Spells: 6/12 levels left

rFire   . . .      SeeInvis .   i - +2 dagger (venom)
rCold   . . .      Faith    .   (no shield)
rNeg    . . .      Spirit   .   l - +0 leather armour
rPois   .          Reflect  .   (helmet restricted)
rElec   .          Harm     .   h - +0 cloak
rCorr   .          Rampage  .   (no gloves)
Will    .....                   k - +0 pair of boots
Stlth   ++........              (no amulet)
HPRegen 0.15/turn               (no ring)
MPRegen 0.12/turn               (no ring)

@: no status effects
A: antennae 1, ignite blood 1, sharp scales 2
a: Renounce Religion


You escaped.
You worshipped Vehumet.
Vehumet was noncommittal.
You visited 2 branches of the dungeon, and saw 5 of its levels.

You collected 159 gold pieces.

Inventory:

Hand Weapons
 i - a +2 dagger of venom (weapon)
Armour
 h - a +0 cloak (worn)
 k - a +0 pair of boots (worn)
 l - a +0 leather armour (worn)
Scrolls
 d - a scroll of identify
 m - a scroll of fog
Potions
 a - a potion of flight {unknown}
 b - a potion of magic
 c - 2 potions of might
 e - 2 potions of haste
 f - 4 potions of curing
 j - a potion of brilliance {unknown}


   Skills:
 + Level 3.3 Fighting
 - Level 1.7 Dodging
 - Level 1.7 Stealth
 + Level 3.7 Spellcasting
 - Level 0.8 Transmutations
 + Level 4.2 Earth Magic


You had 6 spell levels left.
You knew the following spells:

 Your Spells              Type           Power      Damage    Failure   Level
a - Sandblast             Erth           36%        2d10      4%          1
b - Passwall              Tmut/Erth      10%        N/A       12%         2
c - Stone Arrow           Conj/Erth      20%        3d8       28%         3

Your spell library contained the following spells:

 Spells                   Type           Power      Damage    Failure   Level
 Magic Dart               Conj           12%        1d3       22%         1
 Searing Ray              Conj           6%         2d4       32%         2
 Petrify                  Tmut/Erth      12%        N/A       61%         4
 Ice Form                 Ice/Tmut       4%         N/A       88%         4
 Fulminant Prism          Conj/Hex       1%         3d6       91%         4
 Hailstorm                Conj/Ice       3%         3d3       91%         4
 Simulacrum               Ice/Necr       1%         N/A       100%        6


Dungeon Overview and Level Annotations

Branches:
Dungeon (4/15) Zot: 19531  Temple (1/1) D:4 Zot: 5762

Altars:
Cheibriados
Dithmenos
Fedhas
Gozag
Hepliaklqana
Kikubaaqudgha
Makhleb
Nemelex Xobeh
Okawaru
Qazlal
Ru
Trog
Uskayaw
Vehumet
Xom
Yredelemnul

Annotations:
D:4 exclusion: hornet


Innate Abilities, Weirdness & Mutations

You have a pair of small antennae on your head.
Your demonic aura sometimes causes spilled blood to erupt in flames.
You are mostly covered in razor-sharp scales. (AC +2, Slay +2)


Message History

The scorpion is lightly wounded.
You feel sick.
The scorpion stings you but does no damage.
Unknown command.
You hit the scorpion.
The scorpion is moderately wounded.
You feel sick. The scorpion stings you.
The scorpion stings you but does no damage.
You hit the scorpion.
The scorpion is poisoned.
The scorpion is heavily wounded.
You feel sick. The scorpion barely misses you.
Unknown command.
You hit the scorpion.
The scorpion is almost dead.
You feel sick.
You are no longer poisoned.
You kill the scorpion!
Vehumet accepts your kill.
You have reached level 6!
Your demonic ancestry asserts itself...
A pair of antennae grows on your head!
Unknown command.
Unknown command.
(D) Dungeon (T) Temple
Where to? (Enter - Temple @ (x,y), ? - help)
What level of the Dungeon? (default 1, ? - help)
There is a stone staircase leading down here.
There is a stone staircase leading up here.
You climb upwards.
There is a stone staircase leading down here.
There is a stone staircase leading up here.
Magic restored.
You climb upwards.
There is a stone staircase leading down here.
There is a stone staircase leading up here.
You climb upwards.
There is a stone staircase leading down here.
There is a staircase leading out of the dungeon here.
Are you sure you want to leave the Dungeon?
This will make you lose the game!
You have escaped!

###..# #.# #......###~♣♣~P
.....## #.# #.#...###♣♣~~~≈
####..# #.# #......#♣~~~~~≈ ##.##
#.# ##.....♣~~~~~~~ #..# #.#
#.##..♣P~~PP~~ ###.## #.##
#.##..........
####.#..#######..###.##..P~≈~~~~~
....#....#..............P~~~~≈≈≈~
##.###...#......@...##..~~~~≈≈≈≈P
#.## ##..#..........##..~~~~~≈P♣♣
.## #..#..........###.~~~~~≈P♣
..## ##..#.....8....# ##♣P~~~~P♣
##.###...#....♣.....# #.~~~~~P♣
##.#...............# #.#♣~♣.##
##.#..............# #.##~#.#
#.#..#...........# #.####.#
#.#...#......###.####.# #.#


There were no monsters in sight!

Vanquished Creatures
  A black bear (D:4)
  A scorpion (D:4)
  5 adders
  3 worms
  A dart slug (D:1)
  6 orcs
  8 ball pythons
  4 endoplasms
  5 giant cockroaches
  13 goblins
  6 hobgoblins
  6 jackals
  6 kobolds
  4 quokkas
  7 bats
  4 frilled lizards
  2 rats
82 creatures vanquished.

Vanquished Creatures (others)
  15 plants (D:1)
15 creatures vanquished.

Grand Total: 97 creatures vanquished

Notes
Turn   | Place    | Note
-------+----------+-------------------------------------------
     0 | D:1      | protoss039 the Demonspawn Earth Elementalist began the
                  | quest for the Orb.
     0 | D:1      | Reached XP level 1. HP: 13/13 MP: 3/3
    15 | D:1      | Found a faded altar of an unknown god.
   176 | D:1      | Gained mutation: You are partially covered in razor-sharp
                  | scales. (AC +1, Slay +1) [demonic ancestry]
   176 | D:1      | Reached XP level 2. HP: 8/20 MP: 0/5
   409 | D:1      | Reached skill level 1 in Fighting
   515 | D:1      | Reached skill level 3 in Earth Magic
  1366 | D:1      | Gained mutation: You are mostly covered in razor-sharp
                  | scales. (AC +2, Slay +2) [demonic ancestry]
  1366 | D:1      | Reached XP level 3. HP: 15/26 MP: 6/6
  1582 | D:1      | Learned a level 2 spell: Passwall
  1586 | D:1      | Learned a level 3 spell: Stone Arrow
  2282 | D:2      | Reached XP level 4. HP: 32/33 MP: 8/8
  3140 | D:3      | Identified the +1 ring mail "Zubrid" {-Cast Harm rElec
                  | rPois}
  3364 | D:3      | Found an ancient bone altar of Kikubaaqudgha.
  3546 | D:3      | Found a stormy altar of Qazlal.
  3853 | D:4      | Gained mutation: Your demonic aura sometimes causes spilled
                  | blood to erupt in flames. [demonic ancestry]
  3853 | D:4      | Reached XP level 5. HP: 36/39 MP: 9/9
  3892 | D:4      | Noticed a hornet
  4023 | D:4      | Noticed a black bear
  4052 | D:4      | Found a staircase to the Ecumenical Temple.
  4061 | D:4      | Killed a black bear
  4062 | D:4      | Reached skill level 4 in Earth Magic
  4067 | Temple   | Entered the Ecumenical Temple
  4291 | Temple   | Became a worshipper of Vehumet
  4546 | D:4      | Gained mutation: You have a pair of small antennae on your
                  | head. [demonic ancestry]
  4546 | D:4      | Reached XP level 6. HP: 30/47 MP: 8/11
  4615 | D:$      | Got out of the dungeon alive.

Illustrated notes

Levels and vault maps discovered:
D:1:      wander_arrival_lonely_grave, layout_loops_ring,
          dreamdust_ecumenical_altar_statues, serial_bayou,
          serial_bayou_lagoon_a, serial_bayou_pond_c, serial_bayou_lagoon_b,
          serial_bayou_shore_b, serial_bayou_ford_a
D:2:      layout_loops_cross, nicolae_elevator_lobby_asterisk
D:3:      layout_basic, lemuel_coloured_pillars_altar,
          mainiacjoe_overflow_concentric_impassable, nicolae_titane
D:4:      layout_loops_ring, minmay_temple_entry_nine_rooms,
          minmay_manual_monolith
Temple:   eino_temple_scatter_basement

Skill      XL: |  1  2  3  4  5 |
---------------+----------------+-----
Fighting       | 1 2 3 |  3.3
Earth Magic    | 3 4 |  4.2
Spellcasting   | 3 |  3.7
Dodging        | |  1.7
Stealth        | |  1.7
Transmutations | |  0.8

Action                   |  1- 3 |  4- 6 || total
-------------------------+-------+-------++-------
Melee: Spear             |    32 |       ||    32
       Dagger            |    42 |    71 ||   113
 Cast: Sandblast         |    27 |    32 ||    59
  Use: Scroll            |       |     7 ||     7
 Stab: Sleeping          |     2 |     4 ||     6
Armor: Robe              |    18 |       ||    18
       Leather armour    |    10 |    44 ||    54
Dodge: Dodged            |    59 |    67 ||   126
